 Dungeon Crawl Stone Soup version 0.29-a0-775-g4d7333d4e2 (webtiles) character file.

Game seed: 6097992267792228437

156 Anon1729 the Charlatan (level 5, -8/31 HPs)
             Began as a Kobold Artificer on July 1, 2022.
             Killed by divine providence
             ... invoked by an orc priest
              (12 damage)
             ... on level 4 of the Dungeon.
             The game lasted 00:04:25 (5336 turns).

Anon1729 the Charlatan (Kobold Artificer)           Turns: 5336, Time: 00:04:26

Health: -8/31      AC:  5    Str:  9    XL:     5   Next: 65%
Magic:  5/5        EV: 19    Int: 13    God:
Gold:   155        SH:  0    Dex: 17    Spells: 4/4 levels left

rFire   . . .      SeeInvis .   x - +1 whip (venom)
rCold   . . .      Faith    .   (no shield)
rNeg    . . .      Spirit   .   b - +0 leather armour
rPois   .          Reflect  .   l - +0 helmet
rElec   .          Harm     .   (no cloak)
rCorr   .          Rampage  .   (no gloves)
Will    .....                   i - +0 pair of boots
Stlth   +++.......              (no amulet)
HPRegen 0.10/turn               r - +4 ring of evasion
MPRegen 0.09/turn               (no ring)

@: no status effects
A: small, no large weapons, nightstalker 3
a: no special abilities


You were on level 4 of the Dungeon.
You visited 1 branch of the dungeon, and saw 4 of its levels.

You collected 155 gold pieces.

Inventory:

Hand Weapons
 a - a +0 club
 x - a +1 whip of venom (weapon)
Missiles
 q - 5 poisoned darts (quivered)
Armour
 b - a +0 leather armour (worn)
 i - a +0 pair of boots (worn)
 l - a +0 helmet (worn)
Jewellery
 r - a +4 ring of evasion (left hand)
Wands
 c - a wand of flame (6)
 d - a wand of charming (15)
 e - a wand of iceblast (8)
Scrolls
 h - a scroll of enchant weapon {unknown}
 j - 3 scrolls of identify {unknown}
 k - 2 scrolls of enchant armour {unknown}
 p - 3 scrolls of teleportation {unknown}
 s - a scroll of amnesia {unknown}
 t - a scroll of magic mapping {unknown}
 v - a scroll of fog {unknown}
Potions
 f - a potion of invisibility {unknown}
 g - 2 potions of resistance {unknown}
 m - a potion of attraction {unknown}
 n - a potion of heal wounds {unknown}
 o - a potion of flight {unknown}
 u - a potion of curing {unknown}
 w - a potion of berserk rage {unknown}


   Skills:
 + Level 2.3 Fighting
 * Level 1.4 Staves
 + Level 1.8 Armour
 + Level 3.4 Dodging
 + Level 3.0 Stealth
 + Level 4.4 Evocations


You had 4 spell levels left.
You didn't know any spells.
Your spell library contained the following spells:

 Spells                   Type           Power      Damage    Failure   Level
 Ensorcelled Hibernation  Hex/Ice        0%         N/A       54%         2
 Spider Form              Tmut/Pois      0%         N/A       77%         3
 Summon Guardian Golem    Hex/Summ       0%         N/A       77%         3
 Anguish                  Hex/Necr       0%         N/A       99%         4
 Orb of Destruction       Conj           0%         9d5       100%        7
 Spellforged Servitor     Conj/Summ      0%         N/A       100%        7


Dungeon Overview and Level Annotations

Branches:
Dungeon (4/15)
 Temple: D:4-7

Altars:
Makhleb

Annotations:
D:3 3 runed translucent doors, elite277's ghost, novice HuCj


Innate Abilities, Weirdness & Mutations

You are small and have problems with some larger weapons.
You are completely attuned to the shadows.


Message History

A gnoll is nearby!
A gnoll is nearby!
A gnoll is nearby!
Things that are here:
a +1 whip of venom; a gnoll skeleton You see here a +1 whip of venom.
Your +1 whip of venom begins to drip with poison!
x - a +1 whip of venom (weapon)
HP restored.
An orc priest comes into view. It is wielding a +0 whip.
An orc priest is nearby!
An orc priest is nearby!
The orc priest shouts!
You hear a shout! x3
The orc priest barely misses you.
You hit the orc priest but do no damage.
The orc priest invokes the aid of Beogh against you.
Beogh smites you!
You hear a shout!
You hit the orc priest.
The orc priest is poisoned.
The orc priest is moderately wounded.
The orc priest calls down the wrath of Beogh upon you.
Beogh smites you!
* * * LOW HITPOINT WARNING * * *
The orc priest completely misses you.
You are too injured to fight recklessly!
You are too injured to fight recklessly!
You are too injured to fight recklessly!
You are too injured to fight recklessly!
You are too injured to fight recklessly!
You are too injured to fight recklessly!
You are too injured to fight recklessly!
You are too injured to fight recklessly!
You are too injured to fight recklessly!
You are too injured to fight recklessly!
You hit the orc priest.
The orc priest looks as sick as possible!
The orc priest is heavily wounded.
The orc priest invokes the aid of Beogh against you.
Beogh smites you!
You die...

.... # ##.##.## ####
#....... ..###.
###..##### #.....
.....# #.# ###.># #.#
###..# ### #.# #
.....###.####.####.##
###..##.#.......@o...
#...รท..#....####.##
#.###.##.#### # ###.#
#.##.# ....###.##.##
.........)..#
###.###.##..###
#............#
...#.g......#.#


You could see an orc priest (extremely poisoned).

Vanquished Creatures
  A scorpion (D:4)
  3 gnolls
  An adder (D:4)
  An ufetubus (D:4)
  A worm (D:3)
  A dart slug (D:1)
  6 endoplasms
  A giant cockroach (D:4)
  6 goblins
  2 hobgoblins
  3 jackals (D:3)
  2 kobolds
  2 quokkas
  6 ball pythons
  7 bats
  3 frilled lizards
  4 rats
50 creatures vanquished.

Notes
Turn   | Place    | Note
-------+----------+-------------------------------------------
     0 | D:1      | Anon1729 the Kobold Artificer began the quest for the Orb.
     0 | D:1      | Reached XP level 1. HP: 12/12 MP: 1/1
   363 | D:1      | Reached XP level 2. HP: 16/16 MP: 2/2
   386 | D:1      | Reached skill level 1 in Armour
   904 | D:1      | Found a faded altar of an unknown god.
  1411 | D:1      | Reached XP level 3. HP: 19/20 MP: 3/3
  2705 | D:2      | Reached skill level 4 in Evocations
  2773 | D:2      | Found a burning altar of Makhleb.
  3352 | D:3      | HP: 1/21 [frozen (5)]
  3900 | D:3      | Found a runed translucent gate.
  3901 | D:3      | Found a runed translucent gate.
  3902 | D:3      | Found a runed translucent gate.
  3902 | D:3      | Noticed elite277's ghost (novice HuCj)
  4067 | D:3      | Reached XP level 4. HP: 20/26 MP: 4/4
  4671 | D:4      | Noticed a scorpion
  4679 | D:4      | Killed a scorpion
  4680 | D:4      | Reached skill level 1 in Staves
  4680 | D:4      | Reached XP level 5. HP: 30/30 MP: 5/5
  5336 | D:4      | Killed from afar by an orc priest

Illustrated notes

Levels and vault maps discovered:
D:1:      ncdulo_halloftheorcs, layout_rooms, shapermc_ecumenical_altar_pompeii
D:2:      layout_loops_corners, basic_altar, amcnicky_mini_rare_corridor_liquid,
          hangedman_decor_diamond_cutter
D:3:      layout_basic, ebering_ghost_rock_garden
D:4:      layout_loops_ring, nzn_wu_jian_contemplation,
          minmay_temple_entry_enclosed_plants

Skill      XL: |  1  2  3  4  5 |
---------------+----------------+-----
Armour         | 1 |  1.8
Stealth        | 2 3 |  3.0
Evocations     | 4 |  4.4
Dodging        | 3 |  3.4
Fighting       | 2 |  2.3
Staves         | 1 |  1.4

Action                   |  1- 3 |  4- 6 || total
-------------------------+-------+-------++-------
Melee: Club              |   283 |    66 ||   349
       Punch             |     1 |       ||     1
       Whip              |       |     3 ||     3
Throw: Dart              |       |     9 ||     9
Evoke: Wand              |     4 |     6 ||    10
 Stab: Sleeping          |    11 |     2 ||    13
Armor: Leather armour    |    75 |    15 ||    90
Dodge: Dodged            |   306 |   114 ||   420

Table legend: (Time is in decaauts)
 A = Elapsed time spent in this place.
 B = Non-inter-level travel time spent in this place.
 C = Inter-level travel time spent in this place.
 D = Time resting spent in this place.
 E = Time spent auto-exploring this place.
 F = Levels seen in this place.
 G = Mean time per level.
                   A        B        C        D        E       F      G
               +--------+--------+--------+--------+--------+-----+--------+
         Total |   5438 |   5291 |    147 |   1075 |   3367 |   4 | 1359.5 |
       Dungeon |   5438 |   5291 |    147 |   1075 |   3367 |   4 | 1359.5 |
               +--------+--------+--------+--------+--------+-----+--------+

Top non-repeatable levels by time:
     D:3: 1775 daAuts
     D:1: 1656 daAuts
     D:2: 1218 daAuts
     D:4: 787 daAuts
